 Dungeon Crawl Stone Soup version 0.29-a0-284-gf9362112df (webtiles) character file.

Game seed: 12134708594467713044

64544 rabbitsville the Destroyer (level 14, -7/93 HPs)
             Began as a Demigod Conjurer on Mar 23, 2022.
             Mangled by a flying skull (9 damage)
             ... in a Gauntlet.
             The game lasted 02:42:24 (31318 turns).

rabbitsville the Destroyer (Demigod Conjurer)      Turns: 31318, Time: 02:42:26

Health: -7/93      AC: 11    Str:  8    XL:     14   Next: 34%
Magic:  0/35       EV: 11    Int: 36    God:
Gold:   952        SH:  8    Dex: 14    Spells: 9/37 levels left

rFire   . . .      SeeInvis .   b - +12 war axe "Aptemmir" {vorpal, Dex+2}
rCold   . . .      Faith    .   (no shield)
rNeg    . . .      Spirit   +   R - +0 troll leather armour
rPois   +          Reflect  .   w - +2 hat
rElec   .          Harm     .   j - +0 cloak
rCorr   .          Rampage  .   v - +1 pair of gloves
Will    +....      Archmagi +   N - +1 pair of boots {Stlth+}
Stlth   +++....... NoTele   +   I - brooch of Shielding {Spirit SH+8}
HPRegen 1.05/turn               E - ring of poison resistance
MPRegen 0.24/turn               U - ring of the Mage {Wiz Archmagi}

@: no status effects
A: high MP 1, forlorn, divine attributes
a: no special abilities


You were in a Gauntlet.
You visited 4 branches of the dungeon, and saw 21 of its levels.
You also visited: Gauntlet.

You collected 1540 gold pieces.
You spent 588 gold pieces at shops.

Inventory:

Hand Weapons
 a - the +4 hunting sling of Ynipaw {speed, rC+ rN+ Int-2 Stlth+}
   (You found it on level 8 of the Dungeon)

   Attacks with this weapon are significantly faster.
   Int:       It affects your intelligence (-2).
   rC:        It protects you from cold.
   rN:        It protects you from negative energy.
   Stlth:     It makes you more stealthy.
 b - the +12 war axe "Aptemmir" (weapon) {vorpal, Dex+2}
   (You took it off an orc wizard on level 10 of the Dungeon)

   It inflicts extra damage upon your enemies.
   Dex:       It affects your dexterity (+2).
 p - the +7 trident of the Known World {vorpal, rElec rPois}
   (You found it in a Gauntlet)

   It inflicts extra damage upon your enemies.
   rElec:     It insulates you from electricity.
   rPois:     It protects you from poison.
Armour
 c - a +0 pair of boots
 j - a +0 cloak (worn)
 v - a +1 pair of gloves (worn)
 w - a +2 hat (worn)
 B - the +0 robe of Dishonesty {Rampage +Blink Str-2 Dex-2}
   (You found it on level 4 of the Lair of Beasts)

   Str:       It affects your strength (-2).
   Dex:       It affects your dexterity (-2).
   +Blink:    It lets you blink.
   Rampage:   It bestows one free step when moving towards enemies.
 N - a +1 pair of boots of stealth (worn)
 R - a +0 troll leather armour (worn)
Magical Staves
 A - a staff of conjuration
Jewellery
 f - a ring of wizardry
 h - a +4 ring of protection
 k - a ring of willpower
 E - a ring of poison resistance (left hand)
 I - the brooch of Shielding (around neck) {Spirit SH+8}
   (You took it off a wight on level 7 of the Dungeon)

   [amulet of guardian spirit]

   It causes incoming damage to be divided between your reserves of health and
   magic.
   SH:        It affects your SH (+8).
 S - a ring of see invisible
 U - the ring of the Mage (right hand) {Wiz Archmagi}
   (You found it on level 12 of the Dungeon)

   [ring of wizardry]

   It improves your spell success rate.
   Archmagi:  It increases the power of your magical spells.
Wands
 d - a wand of iceblast (8)
 C - a wand of mindburst (4)
 J - a wand of polymorph (13)
 K - a wand of paralysis (9)
 Q - a wand of acid (12)
 V - a wand of flame (30)
Scrolls
 e - 9 scrolls of teleportation
 i - 4 scrolls of fear
 l - 3 scrolls of brand weapon
 m - 2 scrolls of holy word
 r - 2 scrolls of blinking
 s - a scroll of magic mapping
 u - a scroll of enchant weapon
 y - 2 scrolls of immolation
 F - 2 scrolls of enchant armour {unknown}
 H - a scroll of vulnerability {unknown}
 L - a scroll of torment {unknown}
 P - 4 scrolls of noise
 T - 2 scrolls of amnesia
 Y - 3 scrolls of fog
Potions
 g - 2 potions of might
 n - 2 potions of attraction
 o - 2 potions of haste
 q - 4 potions of brilliance
 t - 2 potions of cancellation
 x - 2 potions of resistance
 z - a potion of invisibility {unknown}
 D - a potion of berserk rage {unknown}
 G - 3 potions of curing
 M - 4 potions of flight
 W - 2 potions of ambrosia {unknown}
 X - a potion of mutation {unknown}
 Z - a potion of lignification {unknown}


   Skills:
 * Level 6.9 Axes
 - Level 4.4 Slings
 - Level 1.7 Dodging
 - Level 1.7 Stealth
 - Level 3.3 Shields
 + Level 12.1 Spellcasting
 - Level 13.6 Conjurations
 - Level 4.2 Air Magic
 - Level 9.0 Earth Magic
 - Level 8.8 Evocations


You had 9 spell levels left.
You knew the following spells:

 Your Spells              Type           Power      Damage    Failure   Level
a - Magic Dart            Conj           100%       1d8       0%          1
b - Searing Ray           Conj           100%       2d8       0%          2
c - Mephitic Cloud        Conj/Pois/Air  77%        N/A       1%          3
d - Stone Arrow           Conj/Erth      100%       3d13      1%          3
e - Iskenderun's Battles  Conj           100%       2d15      1%          5
f - Iron Shot             Conj/Erth      50%        9d10      1%          6
g - Fulminant Prism       Conj/Hex       41%        3d20      1%          4
h - Hailstorm             Conj/Ice       82%        3d17      1%          4

Your spell library contained the following spells:

 Spells                   Type           Power      Damage    Failure   Level
 Animate Skeleton         Necr           64%        N/A       1%          1
 Apportation              Tloc           64%        N/A       1%          1
 Freeze                   Ice            100%       1d11      1%          1
 Sandblast                Erth           100%       2d20      1%          1
 Summon Small Mammal      Summ           100%       N/A       1%          1
 Call Imp                 Summ           32%        N/A       1%          2
 Corpse Rot               Necr/Air       100%       N/A       1%          2
 Passwall                 Tmut/Erth      57%        N/A       1%          2
 Dazzling Flash           Conj/Hex       100%       N/A       1%          3
 Iskenderun's Mystic Bla  Conj/Tloc      82%        2d16      1%          4
 Fireball                 Conj/Fire      41%        3d17      1%          5
 Frozen Ramparts          Ice            64%        1d8       3%          3
 Inner Flame              Hex/Fire       32%        N/A       3%          3
 Orb of Destruction       Conj           55%        9d14      3%          7
 Conjure Ball Lightning   Conj/Air       46%        3x3d16    4%          6
 Cause Fear               Hex            16%        N/A       11%         4
 Dispel Undead            Necr           32%        3d14      11%         4
 Spellforged Servitor     Conj/Summ      41%        N/A       45%         7
 Death Channel            Necr           16%        N/A       82%         6
 Discord                  Hex            16%        N/A       100%        8


Dungeon Overview and Level Annotations

Branches:
Dungeon (12/15)            Temple (0/1) D:7            Lair (6/6) D:10
 Shoals (1/4) Lair:2        Snake (0/4) Lair:2          Orc (2/2) D:9
Gauntlet (1/1)
  Slime: Lair:5-6       Elf: Orc:2

Shops:
D:5 (   D:9 :

Annotations:
D:9 exclusion: door Gauntlet 10 transporters


Innate Abilities, Weirdness & Mutations

You have an increased reservoir of magic. (+10% MP)
You shall have no god before yourself.
Your divine heritage dramatically boosts your attributes as you level up.


Message History

You block the flying skull's attack.
Unknown command.
You hit the flying skull.
The flying skull is severely damaged.
You closely miss the flying skull.
You hit the flying skull but do no damage.
You barely miss the flying skull. The flying skull closely misses you.
The flying skull hits you but does no damage.
The flying skull barely misses you. You block the flying skull's attack. x2
The flying skull barely misses you. You block the flying skull's attack.
The flying skull hits you!
* * * LOW HITPOINT WARNING * * *
You can't go up here!
You can't go down here!
You feel better. The flying skull hits you.
* * * LOW HITPOINT WARNING * * *
The flying skull hits you!
* * * LOW HITPOINT WARNING * * *
You block the flying skull's attack.
The flying skull hits you but does no damage.
The flying skull closely misses you. The flying skull hits you!
* * * LOW HITPOINT WARNING * * *
The flying skull hits you.
* * * LOW HITPOINT WARNING * * *
The flying skull barely misses you.
You barely miss the flying skull. You miss the flying skull.
You closely miss the flying skull. You barely miss the flying skull.
The flying skull hits you but does no damage.
The flying skull closely misses you. You block the flying skull's attack.
The flying skull hits you!
* * * LOW HITPOINT WARNING * * *
The flying skull hits you but does no damage.
The flying skull barely misses you.
The flying skull hits you but does no damage.
You feel better. The flying skull hits you.
* * * LOW HITPOINT WARNING * * *
You block the flying skull's attack. The flying skull hits you!
* * * LOW HITPOINT WARNING * * *
The flying skull hits you!
You die...

...#©...........©#... .
...#######.#######... #
#........#.#......... .
#........#.########## ###
#######..#.#z..#.#... ....
#8#..#.#..#...#.. . #.#.
###..#.#.##.z.# =#.. .#.#
#..#.##.z#z##.:#...#|#.#.#.
###..#©#..zz@z#.©#...#©.#.©.#
#8#..####..#z##..#...#[#.#.#.
###....#.##...# [#...#!.#.#.#
#....#..#...#..#...#.#.#.#.
###..#...#.#...#...#.......
#8#..###########...########
###........#©#.....§.#©#...
#≈.......#.#..≈∩≈..#.#...
##########.#########.####


You could see 7 flying skulls.

Vanquished Creatures
  9 hydras
  3 catoblepae
  3 two-headed ogres
  2 boulder beetles
  3 death yaks (Lair:5)
  Sonja (Lair:2)
  5 skeletal warriors (D:12)
  A lindwurm (Lair:4)
  An orc sorcerer (Orc:1)
  An ugly thing (D:12)
  2 cyclopes (D:11)
  2 water nymphs (Shoals:1)
  4 merfolk sirens (Lair:2)
  Joseph (D:8)
  12 elephants
  9 black mambas
  10 cane toads
  A kobold demonologist (D:10)
  A rime drake (Lair:1)
  12 komodo dragons
  3 trolls
  2 slime creatures (Gauntlet)
  A hornet (D:9)
  6 polar bears
  22 blink frogs
  A centaur simulacrum (Gauntlet)
  4 small abominations (Lair:6)
  10 flying skulls (Gauntlet)
  2 shadows
  2 wraiths (D:12)
  7 basilisks
  2 water elementals (Shoals:1)
  68 yaks
  5 wyverns
  3 vampire mosquitoes
  Grum (D:8)
  A steam dragon (Lair:3)
  A chaos spawn (Lair:6)
  2 nagas (Lair:2)
  3 acid dragons
  Duvessa (D:5)
  17 water moccasins
  6 orc warriors
  2 ice beasts
  8 black bears
  A meliai simulacrum (Gauntlet)
  6 ogres
  14 wolves
  3 sky beasts
  4 centaurs
  A phantom (D:4)
  11 bullfrogs
  2 gnoll sergeants
  3 scorpions
  28 wights
  Dowan (D:5)
  4 killer bees (D:7)
  A wyvern simulacrum (Gauntlet)
  5 hounds
  7 jellies
  5 orc priests
  A gnoll shaman (D:8)
  Jessica (D:3)
  5 iguanas
  8 orc wizards
  5 adders
  17 gnolls
  A shadow imp (D:6)
  2 white imps
  An ufetubus (D:3)
  2 worms (D:2)
  6 dart slugs
  22 orcs
  12 ball pythons
  8 endoplasms
  3 giant cockroaches
  5 goblins
  8 hobgoblins
  2 jackals (D:1)
  10 kobolds
  2 quokkas
  2 bats
  5 frilled lizards (D:1)
  5 rats
492 creatures vanquished.

Vanquished Creatures (others)
  14 demonic plants (Gauntlet)
  83 fungi
  146 plants
  2 withered plants (Gauntlet)
245 creatures vanquished.

Grand Total: 737 creatures vanquished

Notes
Turn   | Place    | Note
-------+----------+-------------------------------------------
     0 | D:1      | rabbitsville the Demigod Conjurer began the quest for the
                  | Orb.
     0 | D:1      | Reached XP level 1. HP: 14/14 MP: 5/5
   229 | D:1      | Reached XP level 2. HP: 20/20 MP: 2/7
   230 | D:1      | Reached skill level 4 in Conjurations
   930 | D:1      | Learned a level 2 spell: Searing Ray
  1034 | D:1      | Reached XP level 3. HP: 24/26 MP: 9/9
  2090 | D:2      | Reached XP level 4. HP: 33/33 MP: 5/10
  2571 | D:3      | Reached skill level 5 in Conjurations
  3406 | D:3      | Noticed Jessica
  3411 | D:3      | Killed Jessica
  3836 | D:4      | Reached XP level 5. HP: 38/38 MP: 6/12
  4286 | D:4      | Noticed an ogre
  4319 | D:5      | Entered Level 5 of the Dungeon
  4353 | D:5      | Noticed an ogre
  4396 | D:5      | Killed an ogre
  4397 | D:5      | Reached skill level 6 in Conjurations
  4695 | D:5      | Noticed a sky beast
  4711 | D:5      | Killed a sky beast
  4712 | D:5      | Reached XP level 6. HP: 45/45 MP: 4/13
  4921 | D:5      | Reached skill level 1 in Air Magic
  5095 | D:5      | Reached skill level 7 in Conjurations
  5327 | D:5      | Reached XP level 7. HP: 50/50 MP: 6/14
  5765 | D:4      | Reached skill level 8 in Conjurations
  6693 | D:5      | Found Nugeodual's Antique Weapon Boutique.
  6722 | D:5      | Noticed Dowan
  6729 | D:5      | Killed Dowan
  6744 | D:5      | Noticed Duvessa
  6757 | D:5      | Killed Duvessa
  6758 | D:5      | Reached XP level 8. HP: 19/56 MP: 12/16
  7217 | D:6      | Reached skill level 9 in Conjurations
  7394 | D:5      | Learned a level 3 spell: Mephitic Cloud
  7957 | D:6      | Reached skill level 10 in Conjurations
  8206 | D:7      | Found a staircase to the Ecumenical Temple.
  8569 | D:7      | Reached XP level 9. HP: 59/62 MP: 17/17
  8757 | D:7      | Reached skill level 11 in Conjurations
  8786 | D:7      | Learned a level 3 spell: Stone Arrow
  9357 | D:7      | Reached skill level 5 in Spellcasting
 10121 | D:8      | Noticed Grum
 10131 | D:8      | Killed Grum
 10670 | D:8      | Identified the +4 hunting sling of Ynipaw {speed, rC+ rN+
                  | Int-2 Stlth+}
 10747 | D:8      | Noticed Joseph
 10779 | D:8      | Killed Joseph
 10780 | D:8      | Reached skill level 1 in Slings
 10780 | D:8      | Reached XP level 10. HP: 37/69 MP: 12/25
 11804 | D:9      | Found Yriuc's Book Shop.
 12043 | D:9      | Found a staircase to the Orcish Mines.
 12044 | D:9      | Noticed a two-headed ogre
 12290 | D:9      | Bought a book of Power for 588 gold pieces
 12296 | D:9      | Learned a level 5 spell: Iskenderun's Battlesphere
 12342 | D:9      | Paralysed by a hornet for 2 turns
 12857 | D:9      | Killed a two-headed ogre
 13355 | D:10     | Entered Level 10 of the Dungeon
 13845 | D:10     | Reached skill level 1 in Earth Magic
 13872 | D:10     | Found a staircase to the Lair.
 14146 | D:10     | Identified the +12 war axe "Aptemmir" {vorpal, Dex+2}
 14322 | D:10     | Reached XP level 11. HP: 74/74 MP: 28/28
 15155 | D:11     | Noticed an eight-headed hydra
 15164 | D:11     | Killed an eight-headed hydra
 15165 | D:11     | Reached skill level 10 in Spellcasting
 15243 | D:11     | Noticed a boulder beetle
 15268 | D:11     | Killed a boulder beetle
 15448 | D:11     | Noticed a two-headed ogre
 15481 | D:11     | Killed a two-headed ogre
 15605 | D:11     | Noticed a two-headed ogre
 15642 | D:11     | Killed a two-headed ogre
 16001 | D:12     | Noticed a four-headed hydra
 16006 | D:12     | Killed a four-headed hydra
 16007 | D:12     | Reached skill level 12 in Conjurations
 16489 | D:12     | Noticed a skeletal warrior
 16606 | D:12     | Found the ring of the Mage {Wiz Archmagi}
 16924 | D:12     | Killed a skeletal warrior
 16928 | D:12     | Noticed a skeletal warrior
 16928 | D:12     | Noticed a skeletal warrior
 16964 | D:12     | Killed a skeletal warrior
 17130 | D:12     | Noticed a skeletal warrior
 17130 | D:12     | Noticed a skeletal warrior
 17148 | D:12     | Killed a skeletal warrior
 17152 | D:12     | Killed a skeletal warrior
 17274 | D:12     | Killed a skeletal warrior
 17275 | D:12     | Reached XP level 12. HP: 81/81 MP: 17/31
 17489 | Lair:1   | Entered Level 1 of the Lair of Beasts
 17632 | Lair:1   | Noticed a six-headed hydra
 17637 | Lair:1   | Killed a six-headed hydra
 17638 | Lair:1   | Reached skill level 13 in Conjurations
 18980 | Lair:2   | Noticed Sonja
 19039 | Lair:2   | Killed Sonja
 19040 | Lair:2   | Reached skill level 5 in Earth Magic
 19040 | Lair:2   | Reached skill level 1 in Evocations
 19423 | Lair:2   | Noticed an eight-headed hydra
 19427 | Lair:2   | Killed an eight-headed hydra
 19569 | Lair:2   | Found a staircase to the Shoals.
 20430 | Lair:2   | Found a staircase to the Snake Pit.
 21447 | Lair:3   | Noticed a catoblepas
 21457 | Lair:3   | Killed a catoblepas
 21458 | Lair:3   | Reached skill level 5 in Evocations
 21605 | Lair:3   | Reached XP level 13. HP: 78/86 MP: 21/33
 23018 | Lair:4   | Learned a level 6 spell: Iron Shot
 24346 | Lair:4   | Identified the +0 robe of Dishonesty {Rampage +Blink Str-2
                  | Dex-2}
 25253 | Lair:5   | Reached skill level 1 in Shields
 26679 | Lair:5   | Reached skill level 1 in Axes
 26890 | Lair:5   | HP: 2/86 [black mamba (4)]
 27499 | Lair:6   | Entered Level 6 of the Lair of Beasts
 27840 | Lair:6   | Reached XP level 14. HP: 93/93 MP: 27/34
 28240 | Lair:5   | Learned a level 4 spell: Fulminant Prism
 28245 | Lair:5   | Learned a level 4 spell: Hailstorm
 28793 | Lair:6   | Reached skill level 5 in Axes
 29688 | Shoals:1 | Entered Level 1 of the Shoals
 29722 | Shoals:1 | Identified a scroll of acquirement
 29723 | Shoals:1 | Acquired a book of the Spheres
 30393 | Orc:1    | Entered Level 1 of the Orcish Mines
 30667 | Orc:2    | Entered Level 2 of the Orcish Mines
 30667 | Orc:2    | Found a gate leading to a gauntlet.
 30673 | Gauntlet | Entered a Gauntlet
 30673 | Gauntlet | Found a transporter.
 30673 | Gauntlet | Found a transporter.
 30680 | Gauntlet | Found a transporter.
 30698 | Gauntlet | Found a transporter.
 30720 | Gauntlet | Found a transporter.
 30734 | Gauntlet | Found a transporter.
 30756 | Gauntlet | Found a transporter.
 30833 | Gauntlet | Found a transporter.
 30847 | Gauntlet | Found a transporter.
 30877 | Gauntlet | Found a transporter.
 30890 | Gauntlet | Found a transporter.
 30999 | Gauntlet | Found a transporter.
 31000 | Gauntlet | Found a transporter.
 31143 | Gauntlet | Identified the +7 trident of the Known World {vorpal, rElec
                  | rPois}
 31275 | Gauntlet | Found a transporter.
 31291 | Gauntlet | Found a transporter.
 31318 | Gauntlet | HP: 2/93 [flying skull (8)]
 31318 | Gauntlet | Mangled by a flying skull

Illustrated notes

Levels and vault maps discovered:
D:1:      minmay_arrival_solitary_statue, layout_basic, st_stairs_11
D:2:      layout_rooms, hellmonk_ecumenical_altar_arch_garden
D:3:      layout_loops_corners, nicolae_wu_jian_immortal_techniques,
          serial_bayou, serial_bayou_lagoon_a, serial_bayou_ford_a,
          serial_bayou_lagoon_b, serial_bayou_pond_a, serial_bayou_pond_c,
          kennysheep_jessica_study
D:4:      layout_loops_corners, nicolae_ru_the_path_less_chosen,
          corexii_item_surrounded_by_moat
D:5:      layout_basic, grunt_temple_overflow_open, grunt_qazlal_sundering,
          minmay_statues_item, nicolae_inconvenience_store, uniq_duvessa
D:6:      layout_basic, hangedman_abyss_or_decor_lesser_grid
D:7:      minmay_general_purpose_star, layout_loops_ring,
          minmay_temple_entry_overgrown, nicolae_benzene_ring
D:8:      layout_loops_ring, lemuel_doored_altar, uniq_grum, uniq_joseph
D:9:      layout_basic, nicolae_gozag_seed_capital,
          minmay_orc_entry_temple_small, serial_shops, nicolae_shop_statue_plus,
          chequers_jeans
D:10:     layout_cave_pods, doesnt_xom_only_xom,
          nemelex_xobeh_ov_fountains_minmay, due_lair_maze_entry_diamond
D:11:     layout_cross
D:12:     layout_cave_pods
Lair:1:   layout_regular_city, infiniplex_staircase_pool_2, grunt_megastairs_1
Lair:2:   layout_concentric_octagons, elwin_shoals_entry_stream,
          guppyfry_snake_entry_garden, uniq_sonja
Lair:3:   layout_regular_city, grunt_megastairs_3
Lair:4:   layout_layer_cave, grunt_megastairs_5
Lair:5:   layout_regular_city, minmay_shattered_shrine
Lair:6:   hellmonk_lair_end_abyssal_woods, layout_big_grid,
          minmay_slime_entry_oklob_open, chequers_serial_rivers_micro_e
Shoals:1: layout_shoals, serial_shops, nicolae_shop_statue_plus, uniq_roxanne
Orc:1:    layout_caves, serial_shops, nicolae_shop_stone
Orc:2:    grunt_orc_tribal_feast, layout_diamond_mine, gauntlet_entry_generic,
          mines2_lemuel, uniq_azrael
Gauntlet: gammafunk_gauntlet_branching [gammafunk_gauntlet_arena_spirals,
          gammafunk_gauntlet_arena_arrow_garden, nicolae_gauntlet_arena_blocks,
          gammafunk_gauntlet_arena_crates, nicolae_gauntlet_arena_grate_2,
          gammafunk_gauntlet_arena_mazey, gammafunk_gauntlet_arena_grid,
          gammafunk_gauntlet_arena_chambers, dreamdust_gauntlet_exit_labyrinth]

Skill      XL: |  1  2  3  4  5  6  7  8  9 10 11 12 13 14 |
---------------+-------------------------------------------+-----
Spellcasting   | 2 3 7 9 11 12 | 12.1
Conjurations   | 4 5 6 7 8 10 11 12 13 | 13.6
Air Magic      | 1 3 4 |  4.2
Slings         | 1 4 |  4.4
Earth Magic    | 3 4 7 9 |  9.0
Evocations     | 5 8 |  8.8
Shields        | 3 |  3.3
Axes           | 3 6 |  6.9
Dodging        | |  1.7
Stealth        | |  1.7

Action                   |  1- 3 |  4- 6 |  7- 9 | 10-12 | 13-15 || total
-------------------------+-------+-------+-------+-------+-------++-------
Melee: Whip              |     6 |     2 |     1 |       |       ||     9
       Long sword        |       |       |    17 |       |       ||    17
       War axe           |       |       |       |     1 |    81 ||    82
       Hunting sling     |       |       |       |       |     5 ||     5
 Fire: Hunting sling     |       |       |     9 |   138 |    47 ||   194
Throw: Dart              |       |       |     1 |     1 |       ||     2
 Cast: Magic Dart        |    85 |    80 |    82 |   163 |   108 ||   518
       Searing Ray       |     5 |    15 |    67 |    26 |    20 ||   133
       Stone Arrow       |       |       |    21 |   201 |    85 ||   307
       Mephitic Cloud    |       |       |       |     1 |       ||     1
       Iskenderun's Batt |       |       |       |    29 |    14 ||    43
       Iron Shot         |       |       |       |       |    97 ||    97
       Hailstorm         |       |       |       |       |     1 ||     1
Evoke: Wand              |       |       |       |       |     4 ||     4
  Use: Potion            |       |       |     1 |     1 |     8 ||    10
       Scroll            |       |       |     6 |     7 |    11 ||    24
 Stab: Sleeping          |       |       |     1 |       |     1 ||     2
Armor: Robe              |     2 |     8 |    41 |     5 |       ||    56
       Troll leather arm |       |       |       |    16 |   143 ||   159
Dodge: Dodged            |    10 |    16 |    73 |    43 |   190 ||   332
Block: Other             |       |       |    16 |    40 |   153 ||   209

Table legend: (Time is in decaauts)
 A = Elapsed time spent in this place.
 B = Non-inter-level travel time spent in this place.
 C = Inter-level travel time spent in this place.
 D = Time resting spent in this place.
 E = Time spent auto-exploring this place.
 F = Levels seen in this place.
 G = Mean time per level.
                   A        B        C        D        E       F      G
               +--------+--------+--------+--------+--------+-----+--------+
         Total |  31390 |  29771 |   1619 |  10509 |  12828 |  22 | 1426.8 |
       Dungeon |  17970 |  16731 |   1239 |   4885 |   8430 |  12 | 1497.5 |
          Lair |  12288 |  11921 |    367 |   5275 |   4179 |   6 | 2048.0 |
        Shoals |    203 |    203 |      0 |     97 |      5 |   1 |  203.0 |
  Orcish Mines |    279 |    267 |     12 |     75 |    103 |   2 |  139.5 |
      Gauntlet |    648 |    648 |      0 |    177 |    110 |   1 |  648.0 |
               +--------+--------+--------+--------+--------+-----+--------+

Top non-repeatable levels by time:
  Lair:5: 2989 daAuts
     D:5: 2437 daAuts
  Lair:4: 2186 daAuts
  Lair:3: 2126 daAuts
  Lair:2: 1983 daAuts
     D:7: 1804 daAuts
     D:8: 1663 daAuts
    D:10: 1660 daAuts
     D:9: 1644 daAuts
    D:12: 1612 daAuts
     D:1: 1542 daAuts
  Lair:6: 1502 daAuts
  Lair:1: 1500 daAuts
     D:4: 1407 daAuts
     D:3: 1248 daAuts
